 Dungeon Crawl Stone Soup version 0.19.0-2-gae57169 (webtiles) character file.

129 Gargoyl the Skirmisher (level 4, -2/36 HPs)
             Began as a Demonspawn Abyssal Knight on Nov 2, 2016.
             Was a Believer of Lugonu.
             Slain by Sigmund
             ... wielding a +0 scythe
              (6 damage)
             ... on level 2 of the Dungeon.
             The game lasted 00:03:45 (1804 turns).

Gargoyl the Skirmisher (Demonspawn Abyssal Knight)  Turns: 1804, Time: 00:03:45

Health: -2/36      AC:  9    Str: 14    XL:     4   Next: 88%
Magic:  6/6        EV: 10    Int: 18    God:    Lugonu [**....]
Gold:   134        SH:  0    Dex: 12    Spells: 0 memorised, 3 levels left

rFire  . . .     SeeInvis .     a - +1 hand axe
rCold  + + .     Gourm    .     e - +2 scale mail {MR+}
rNeg   . . .     Faith    .     (no shield)
rPois  .         Spirit   .     (no helmet)
rElec  .         Reflect  .     (no cloak)
rCorr  .         Harm     .     (no gloves)
MR     +....                    d - +0 pair of boots
Stlth  ..........               (no amulet)
                                m - ring of protection from cold
                                q - ring of protection from cold

@: brilliant, exhausted, slowed, very slow
A: hooves 1, sturdy frame 1
a: Depart the Abyss, Bend Space, Renounce Religion


You were on level 2 of the Dungeon.
You worshipped Lugonu.
Lugonu was pleased with you.
You were not hungry.

You visited 1 branch of the dungeon, and saw 2 of its levels.
You visited the Abyss 1 time.

You collected 134 gold pieces.

Inventory:

Hand Weapons
 a - a +1 hand axe (weapon)
Armour
 d - a +0 pair of boots (worn)
 e - a +2 scale mail of magic resistance (worn)
Jewellery
 m - a ring of protection from cold (right hand)
 q - a ring of protection from cold (left hand)
Scrolls
 i - 3 scrolls of amnesia {unknown}
 n - a scroll of teleportation {unknown}
 p - a scroll of remove curse {unknown}
 r - a scroll of magic mapping {unknown}
Potions
 g - a potion of lignification
Comestibles
 c - 2 bread rations
 j - 2 meat rations


   Skills:
 + Level 3.6 Fighting
 + Level 3.1 Axes
 * Level 2.8 Armour
 + Level 1.1 Dodging
 * Level 3.1 Invocations


You had 3 spell levels left.
You didn't know any spells.

Dungeon Overview and Level Annotations

Branches:
Dungeon (2/15)

Altars:

Annotations:
D:2 Sigmund


Innate Abilities, Weirdness & Mutations

You have large cloven feet.
Your movements are slightly less encumbered by armour. (ER -2)


Message History

Your transformation is almost over.
Sigmund hits you but does no damage.
You feel less confused. Sigmund hits you but does no damage.
Sigmund hits you but does no damage. Sigmund hits you but does no damage.
Sigmund hits you but does no damage.
You feel less woody.
Your +0 pair of boots unmelds from your body.
Your +2 scale mail of magic resistance unmelds from your body.
You feel resistant to hostile enchantments.
Sigmund hits you from afar with a scythe.
* * * LOW HITPOINT WARNING * * *
Sigmund screams, "Don't try to resist!"
Sigmund barely misses you. Sigmund hits you but does no damage.
You hit Sigmund.
Sigmund is lightly wounded.
Sigmund hits you with a scythe.
You die...

#.. ##..# ....
####...
....... #
.##....###.#.#
.......@.....#
.##....@#
......†.#
.##.##).#
........#
.##.###.# .##
#.# #
....###†##.#
#.....#...#
##.###.####


You could see Sigmund.

Vanquished Creatures
  Terence (D:2)
  A worker ant (D:1)
  3 adders (D:2)
  An ooze (D:1)
  2 dart slugs
  A leopard gecko (D:1)
  3 goblins (D:1)
  3 hobgoblins
  2 jackals (D:1)
  11 bats (D:1)
  5 frilled lizards
  10 kobolds
  7 rats
50 creatures vanquished.

Notes
Turn   | Place    | Note
-------+----------+-------------------------------------------
     0 | Abyss:1  | Gargoyl the Demonspawn Abyssal Knight began the quest for the Orb.
     0 | Abyss:1  | Reached XP level 1. HP: 18/18 MP: 2/2
    19 | Abyss:1  | Found a corrupted altar of Lugonu.
   110 | Abyss:2  | Noticed a small abomination
   137 | Abyss:2  | Noticed a starcursed mass
   145 | Abyss:2  | Noticed an efreet
   145 | Abyss:2  | Noticed an ancient zyme
   170 | D:1      | Escaped the Abyss
   457 | D:1      | Gained mutation: You have large cloven feet. [demonic ancestry]
   457 | D:1      | Reached XP level 2. HP: 23/24 MP: 3/3
   853 | D:1      | Reached * piety under Lugonu
   971 | D:1      | Reached XP level 3. HP: 29/29 MP: 3/5
  1579 | D:2      | Gained mutation: Your movements are slightly less encumbered by armour. (ER -2) [demonic ancestry]
  1579 | D:2      | Reached XP level 4. HP: 33/36 MP: 6/6
  1605 | D:2      | Reached skill level 1 in Dodging
  1665 | D:2      | Reached ** piety under Lugonu
  1771 | D:2      | Noticed Terence
  1779 | D:2      | Noticed Sigmund
  1787 | D:2      | Killed Terence
  1804 | D:2      | Slain by Sigmund

Skill      XL: |  1  2  3  4 |
---------------+-------------+-----
Armour         | 2 |  2.8
Axes           | 2 3 |  3.1
Invocations    | 3 |  3.1
Dodging        | 1 |  1.1
Fighting       | |  3.6

Action                   |  1- 3 |  4- 6 || total
-------------------------+-------+-------++-------
Melee: Hand axe          |   126 |    53 ||   179
Invok: Depart the Abyss  |     1 |       ||     1
  Use: Scroll            |     2 |       ||     2
       Potion            |       |     4 ||     4
  Eat: Chunk             |     2 |     1 ||     3
Armor: Scale mail        |    90 |    26 ||   116
       Skin              |       |    19 ||    19
Dodge: Dodged            |   107 |    32 ||   139
